 Dungeon Crawl Stone Soup version 0.27.1-2-g3b301248ec (webtiles) character file.

Game seed: 15912540918120356032

49 nxtlvl the Chopper (level 4, 25/35 HPs)
             Began as a Formicid Monk on Sept 24, 2021.
             Quit the game on level 3 of the Dungeon.
             The game lasted 00:05:51 (576 turns).

nxtlvl the Chopper (Formicid Monk)                   Turns: 576, Time: 00:05:51

Health: 25/35      AC:  5    Str: 16    XL:     4   Next: 1%
Magic:  4/4        EV: 12    Int: 10    God:
Gold:   74         SH:  0    Dex: 19    Spells: 3/3 levels left

rFire    . . .     SeeInvis +   b - +2 whip (venom)
rCold    . . .     Faith    .   (no shield)
rNeg     . . .     Spirit   .   c - +0 ring mail
rPois    .         Reflect  .   (helmet unavailable)
rElec    .         Harm     .   (no cloak)
rCorr    .         Rampage  .   (no gloves)
Will     .....                  (no boots)
Stlth    ++........             (no amulet)
HPRegen  0.11/turn              f - +6 ring of dexterity
MPRegen  0.09/turn              (no ring)

@: no status effects
A: permanent stasis, dig shafts and tunnels, antennae 3, four strong arms
a: Dig, Shaft Self


You were on level 3 of the Dungeon.
You visited 1 branch of the dungeon, and saw 4 of its levels.

You collected 74 gold pieces.

Inventory:

Hand Weapons
 a - a +0 hand axe
 b - a +2 whip of venom (weapon)
Armour
 c - a +0 ring mail (worn)
Jewellery
 f - a +6 ring of dexterity (left hand)
Scrolls
 e - a scroll of vulnerability {unknown}
Potions
 d - a potion of invisibility
 g - a potion of berserk rage {unknown}


   Skills:
 - Level 3.2 Fighting
 * Level 4.6 Axes
 - Level 2.6 Dodging
 - Level 2.4 Stealth


You had 3 spell levels left.
You didn't know any spells.
Your spell library contained the following spells:

 Spells                   Type           Power      Damage    Failure   Level
 Corona                   Hex            0%         N/A       58%         1
 Ensorcelled Hibernation  Hex/Ice        0%         N/A       73%         2
 Tukima's Dance           Hex            0%         N/A       91%         3


Dungeon Overview and Level Annotations

Branches:
Dungeon (4/15)
 Temple: D:4-7

Altars:

Annotations:
D:2 Sigmund
D:3 DrIncompetent's ghost, amateur TeBe


Innate Abilities, Weirdness & Mutations

You cannot be hasted, slowed, berserked, paralysed or teleported.
You can dig through walls and to a lower floor.
You have a pair of large antennae on your head. (SInv)
Your four strong arms can wield two-handed weapons with a shield.


Message History

You closely miss the hobgoblin.
The hobgoblin hits you but does no damage.
You closely miss the hobgoblin. You closely miss the hobgoblin.
The hobgoblin hits you.
You hit the hobgoblin.
The hobgoblin is poisoned.
The hobgoblin is almost dead.
You kill the hobgoblin!
You closely miss the quokka. The quokka closely misses you.
You closely miss the quokka.
The quokka bites you but does no damage.
You barely miss the quokka.
The quokka bites you but does no damage.
The quokka closely misses you.
You hit the quokka.
You kill the quokka!
You have reached level 4!
You feel stronger.
Things that are here:
a quokka corpse; a hobgoblin corpse You see here a quokka corpse.
Found a stone staircase leading down.
There is an open door here.
You sense a monster nearby.
As you open the door, it creaks loudly!
There is an open door here.
There is a stone staircase leading down here.
You climb downwards.
Found 8 gold pieces and a ring mail.
Found a stone staircase leading down.
There is a stone staircase leading up here.
You now have 64 gold pieces (gained 8).
There is a stone staircase leading up here.
You climb upwards.
There is a stone staircase leading down here.
You sense a monster nearby.
Found a ring of fire.
Found a ring mail and a spear.
Found 10 gold pieces.
Found an escape hatch in the floor.
You now have 74 gold pieces (gained 10).
Are you sure you want to abandon this character and quit the game? (Confirm with "yes".)

#....{#..#.......
#....{##.#...##
##....{#......#
###. #.#...#...
.. ##.#..##. ..
#......... # ###
##.###.####
....###..# .#
#....@## .#
#.##..# .# #.##
.. ##> #. #. ..


There were no monsters in sight!

Vanquished Creatures
  An adder (D:2)
  3 endoplasms (D:1)
  6 goblins
  4 hobgoblins
  3 jackals (D:1)
  5 quokkas
  4 ball pythons
  5 bats
  2 frilled lizards (D:1)
  2 kobolds
35 creatures vanquished.

Vanquished Creatures (others)
  2 withered plants (D:1)
2 creatures vanquished.

Grand Total: 37 creatures vanquished

Notes
Turn   | Place    | Note
-------+----------+-------------------------------------------
     0 | D:1      | nxtlvl the Formicid Monk began the quest for the Orb.
     0 | D:1      | Reached XP level 1. HP: 18/18 MP: 1/1
   139 | D:2      | Noticed Sigmund
   179 | D:1      | Reached XP level 2. HP: 19/24 MP: 2/2
   188 | D:1      | Found a faded altar of an unknown god.
   331 | D:1      | Reached skill level 4 in Axes
   331 | D:1      | Reached XP level 3. HP: 11/29 MP: 3/3
   542 | D:3      | Reached XP level 4. HP: 21/35 MP: 4/4
   564 | D:3      | Noticed DrIncompetent's ghost (amateur TeBe)
   576 | D:3      | Quit the game

Illustrated notes

Levels and vault maps discovered:
D:1:      nagdon_arrival_double_spiral, layout_loops_ring,
          ebering_ecumenical_altar_petrified
D:2:      layout_basic, uniq_natasha, uniq_sigmund
D:3:      layout_loops_corners, mainiacjoe_overflow_alcove_4,
          mainiacjoe_overflow_brackets, serial_shops, nicolae_lakefront_shop,
          gammafunk_ghost_icy, roderic_lattice_a, chequers_serial_rivers_marsh
D:4:      layout_loops_ring, nzn_wu_jian_council_hall,
          mainiacjoe_overflow_tiny_flanked

Skill      XL: |  1  2 |
---------------+-------+-----
Axes           | 4 |  4.6
Fighting       | |  3.2
Dodging        | |  2.6
Stealth        | |  2.4

Action                   |  1- 3 |  4- 6 || total
-------------------------+-------+-------++-------
Melee: Hand axe          |    63 |       ||    63
       Whip              |    31 |       ||    31
  Use: Scroll            |     2 |       ||     2
       Potion            |     1 |       ||     1
 Stab: Sleeping          |     3 |       ||     3
Armor: Robe              |     4 |       ||     4
       Ring mail         |    22 |       ||    22
Dodge: Dodged            |    59 |       ||    59
